 Dungeon Crawl Stone Soup version 0.13-a0-2995-g9a84c3d (webtiles) character file.

282 Misa the Covered (level 4, -2/35 HPs)
             Began as a Djinni Fighter on Sept 8, 2013.
             Slain by Prince Ribbit (9 damage)
             ... on Level 4 of the Dungeon.
             The game lasted 00:06:26 (2044 turns).

Misa the Covered (Djinni Fighter)                   Turns: 2044, Time: 00:06:26

HP  -2/35        AC 13     Str 18      XL: 4   Next: 14%
MP   0/0         EV  0     Int  8      God:
Gold 205         SH 27     Dex 13      Spells:  0 memorised,  3 levels left

Res.Fire  : + + +   See Invis. : .   a - +0 mace
Res.Cold  : x . .   Warding    : .   w - +0 plate armour
Life Prot.: + + +   Conserve   : .   f - +0 large shield
Res.Poison: .       Res.Corr.  : .   k - +0 helmet
Res.Elec. : .       Clarity    : .   (no cloak)
Sust.Abil.: . .     Spirit.Shd : .   (no gloves)
Res.Mut.  : .       Stasis     : .   (boots unavailable)
Res.Rott. : .       Flight     : .   (no amulet)
Saprovore : . . .                    (no ring)
                                     h - +1 ring of strength

@: very slow, slightly resistant to hostile enchantments, extremely unstealthy
A: fire immunity, cold vulnerability, life protection 3
a: no special abilities


You were on level 4 of the Dungeon.
You were not hungry.

You visited 1 branch of the dungeon, and saw 4 of its levels.

You collected 185 gold pieces.

Inventory:

Hand weapons
 a - a +0,+0 mace (weapon)
Missiles
 n - 5 steel darts
 s - 23 darts of frost (quivered)
Armour
 b - a +0 scale mail
 f - a +0 large shield (worn)
 k - a +0 helmet (worn)
 w - a +0 plate armour (worn)
Scrolls
 d - 6 scrolls of identify {unknown}
 g - a scroll of teleportation {unknown}
 j - a scroll of amnesia {unknown}
 l - 2 scrolls of magic mapping {unknown}
 m - a scroll of curse armour {unknown}
 p - a scroll of fog {unknown}
 r - a scroll of remove curse {unknown}
 t - a scroll of enchant weapon II {unknown}
 v - a scroll of enchant armour {unknown}
 y - a scroll of noise {unknown}
 z - a scroll of blinking {unknown}
Jewellery
 h - a +1 ring of strength (left hand)
Potions
 c - a potion of heal wounds {unknown}
 e - a potion of might {unknown}
 i - a potion of magic {unknown}
 o - 2 potions of speed {unknown}
 q - a potion of restore abilities {unknown}
 u - 2 potions of poison {unknown}
 x - a potion of curing {unknown}


   Skills:
 + Level 3.2 Fighting
 + Level 2.7 Maces & Flails
 + Level 4.0 Armour
 + Level 3.6 Shields


You had 3 spell levels left.
You didn't know any spells.

Dungeon Overview and Level Annotations

Branches:
Dungeon (4/27)
 Temple: D:4-7

Altars:
Vehumet

Annotations:
D:4 Prince Ribbit


Innate Abilities, Weirdness & Mutations

You are immune to all types of fire, even holy and hellish.
You are vulnerable to cold.
You need no food.
You have no legs.
You are immune to negative energy.


Message History

Prince Ribbit is lightly wounded.
Prince Ribbit blinks!
Prince Ribbit hits you.
You sock Prince Ribbit!
Prince Ribbit is moderately wounded.
Prince Ribbit hits you! Prince Ribbit hits you.
You block Prince Ribbit's attack.
Prince Ribbit blinks!
Prince Ribbit hits you!
* * * LOW HITPOINT WARNING * * *
You hit Prince Ribbit.
Prince Ribbit is moderately wounded.
Prince Ribbit hits you but does no damage.
Prince Ribbit blinks!
Prince Ribbit winks and puckers his lips.
Prince Ribbit croaks regally.
Prince Ribbit blinks!
You closely miss Prince Ribbit.
Prince Ribbit is moderately wounded.
Prince Ribbit hits you!
You die...

##################
#............P....
#P.............P..
#≈≈≈≈≈≈≈≈≈≈≈≈≈≈≈≈≈
#≈≈≈≈≈≈≈≈≈≈≈≈≈≈≈≈≈
#≈F#####%h≈≈≈≈≈≈≈≈
#@≈#.gg#hF........
#≈≈#...###########
#≈≈###g#
##############≈≈≈.#.#
..............≈≈≈.#.#
...............≈≈≈.#.#
#####..<#####.≈≈≈.#.
#...# #.≈≈≈.# #####
#.≈≈≈.#


You could see Prince Ribbit.

Vanquished Creatures
  2 adders (D:3)
  A giant mite (D:1)
  2 giant geckos
  An ooze (D:2)
  An orc (D:3)
  2 giant cockroaches
  8 goblins
  4 hobgoblins
  4 kobolds
  3 ball pythons
  5 bats
  3 giant newts
  10 jackals
  7 rats
53 creatures vanquished.

Notes
Turn   | Place    | Note
--------------------------------------------------------------
     0 | D:1      | Misa, the Djinni Fighter, began the quest for the Orb.
     0 | D:1      | Reached XP level 1. HP: 16/16 MP: 0/0
    65 | D:1      | Reached XP level 2. EP: 12/22
   565 | D:1      | Reached XP level 3. EP: 29/29
  1433 | D:3      | Reached skill level 4 in Armour
  1433 | D:3      | Reached XP level 4. EP: 27/35
  1800 | D:3      | Found a radiant altar of Vehumet.
  1972 | D:4      | Noticed Prince Ribbit
  2044 | D:4      | Slain by Prince Ribbit

Action                   |  1- 3 |  4- 6 || total
-------------------------+-------+-------++-------
Melee: Mace              |   131 |    30 ||   161
